 Dungeon Crawl Stone Soup version 0.18.1-8-gdd0e5ea (webtiles) character file.

1373 tyvek the Spear-Bearer (level 8, -9/63 HPs)
             Began as a Merfolk Skald on May 22, 2016.
             Killed from afar by a steam dragon (17 damage)
             ... with a ball of steam
             ... on level 5 of the Dungeon.
             The game lasted 00:13:37 (5561 turns).

tyvek the Spear-Bearer (Merfolk Skald)              Turns: 5561, Time: 00:13:37

Health: -9/63      AC:  9    Str: 14    XL:     8   Next: 66%
Magic:  5/11       EV: 15    Int: 12    God:
Gold:   302        SH:  0    Dex: 13    Spells: 5 memorised, 0 levels left

rFire  . . .     SeeInvis .     a - +0 spear
rCold  . . .     Gourm    .     q - +2 robe {rN+}
rNeg   + . .     Faith    .     (no shield)
rPois  .         Spirit   .     m - +2 hat
rElec  .         Dismiss  .     z - +0 cloak
rCorr  +         Reflect  .     g - +1 pair of gloves
SustAt .         Harm     .     (no boots)
MR     .....                    (no amulet)
Stlth  +.........               (no ring)
                                j - ring of resist corrosion

@: infused, regenerating (expiring), not resistant to hostile enchantments, very
unstealthy
A: change form in water, swift swim
a: no special abilities


You were on level 5 of the Dungeon.
You were near starving.

You visited 2 branches of the dungeon, and saw 6 of its levels.
You also visited: Ossuary.

You collected 302 gold pieces.

Inventory:

Hand Weapons
 a - a +0 spear (weapon)
 o - a +2 dagger of venom
   (You took it off an orc on level 3 of the Dungeon)
 y - a +4 quarterstaff of chaos
   (You took it off Crazy Yiuf on level 3 of the Dungeon)
Missiles
 b - 2 throwing nets {=f, !d}
Armour
 g - a +1 pair of gloves (worn)
   (You found it on level 1 of the Dungeon)
 m - a +2 hat (worn)
   (You found it on level 2 of the Dungeon)
 q - a +2 robe of positive energy (worn)
   (You took it off Jessica on level 2 of the Dungeon)
 z - a +0 cloak (worn)
   (You took it off Crazy Yiuf on level 3 of the Dungeon)
Jewellery
 j - a ring of resist corrosion (left hand)
   (You found it on level 1 of the Dungeon)
Scrolls
 k - 2 scrolls of amnesia {unknown}
 r - a scroll of immolation {unknown}
 t - a scroll of recharging
 C - 2 scrolls of random uselessness {unknown}
 D - a scroll of enchant armour
 E - a scroll of fear
Potions
 e - a potion of mutation {unknown}
 h - 2 potions of curing
 i - a potion of brilliance {unknown}
 l - 2 potions of agility {unknown}
 p - 3 potions of might {unknown}
 s - a potion of ambrosia
 v - 2 potions of flight
 w - 2 potions of lignification {unknown}
 x - 2 potions of invisibility
 A - a potion of beneficial mutation {unknown}
Comestibles
 c - a meat ration {@e2}
 d - 2 bread rations {@e1}


   Skills:
 + Level 5.4 Fighting
 * Level 9.7 Polearms
 - Level 0.6 Armour
 + Level 6.0 Dodging
 - Level 2.0 Spellcasting
 + Level 6.0 Charms


You couldn't memorise any spells.
You knew the following spells:

 Your Spells              Type           Power        Failure   Level  Hunger
a - Infusion              Chrm           ###.         1%          1    ##.....
r - Regeneration          Chrm/Necr      #.........   24%         3    ####...
s - Shroud of Golubria    Chrm/Tloc      #.........   12%         2    ###....
z - Spectral Weapon       Hex/Chrm       #.......     24%         3    ####...
S - Song of Slaying       Chrm           ###.....     3%          2    ###....


Dungeon Overview and Level Annotations

Branches:
Dungeon (5/15)             Temple (1/1) D:4

Altars:
Ashenzari
Cheibriados
Dithmenos
Elyvilon
Fedhas
Gozag
Kikubaaqudgha
Makhleb
Nemelex Xobeh
Pakellas
Ru
Sif Muna
Trog
Vehumet
Xom
Yredelemnul
Zin

Shops:
D:5 }

Annotations:
D:5 Bolverk's ghost, novice GrFi


Message History

You completely miss the crimson imp. You barely miss the crimson imp.
The crimson imp barely misses you.
You closely miss the crimson imp. The crimson imp closely misses you.
You hit the crimson imp. You barely miss the crimson imp.
The crimson imp barely misses you.
You puncture the crimson imp!
Okay, then.
You hit the crimson imp.
You kill the crimson imp!
No target in view!
No target in view!
No target in view!
You hear the brisk rusting of a distant drain.
Found a stone staircase leading up.
You regained 2 hp, and now have 49/63 hp.
You are feeling very hungry.
c - a meat ration {@e2} You hear the brisk rusting of a distant drain.
A steam dragon comes into view.
The steam dragon moves out of view.
You regained 10 hp, and now have 60/63 hp.
A steam dragon comes into view.
A steam dragon is nearby!
You hit the steam dragon but do no damage.
You closely miss the steam dragon.
The steam dragon bites you but does no damage.
The steam dragon claws you but does no damage.
You hit the steam dragon but do no damage.
The steam dragon misses you. x2
You hit the steam dragon. You hit the steam dragon.
The steam dragon misses you. The steam dragon barely misses you.
You hit the steam dragon but do no damage.
You completely miss the steam dragon. The steam dragon closely misses you.
The steam dragon claws you but does no damage.
You hit the steam dragon. The steam dragon barely misses you.
The steam dragon claws you but does no damage.
You closely miss the steam dragon.
Health restored: 63 You closely miss the steam dragon.
The steam dragon breathes steam at you. The ball of steam hits you!
You take 14 damage, and have 49/63 hp.
MASSIVE DAMAGE!!
You begin infusing your attacks with magical energy.
The fungus is engulfed in a cloud of scalding steam.
The steam dragon bites you. The steam dragon barely misses you.
You take 1 damage, and have 48/63 hp.
You now have 10/11 mp.
Your skin crawls.
The fungus is engulfed in a cloud of scalding steam.
The steam dragon completely misses you. x2
You now have 7/11 mp.
You hit the steam dragon but do no damage.
You are engulfed in a cloud of scalding steam.
The fungus is engulfed in a cloud of scalding steam. x2
You hit the steam dragon. The steam dragon barely misses you.
The steam dragon claws you but does no damage.
You closely miss the steam dragon.
Your skin is crawling a little less now.
The steam dragon breathes steam at you. The ball of steam hits you!
You take 13 damage, and have 37/63 hp.
MASSIVE DAMAGE!!
You draw out your weapon's spirit!
You are near starving!
You are engulfed in a cloud of scalding steam.
The steam dragon bites you but does no damage.
The steam dragon claws you.
You take 7 damage, and have 30/63 hp.
You now have 4/11 mp.
You closely miss the steam dragon.
You are engulfed in a cloud of scalding steam.
You take 3 damage, and have 27/63 hp.
You closely miss the steam dragon.
You are engulfed in a cloud of scalding steam.
Your spectral weapon hits the steam dragon from afar.
The steam dragon closely misses you.
The steam dragon claws you but does no damage.
You take 5 damage, and have 22/63 hp.
You hit the steam dragon but do no damage.
You are engulfed in a cloud of scalding steam.
Your spectral weapon closely misses the steam dragon.
The steam dragon bites you. The steam dragon misses you.
You take 1 damage, and have 21/63 hp.
You barely miss the steam dragon.
You are engulfed in a cloud of scalding steam.
Your spectral weapon completely misses the steam dragon.
You take 1 damage, and have 20/63 hp.
You closely miss the steam dragon.
You are engulfed in a cloud of scalding steam.
* * * LOW HITPOINT WARNING * * *
Your spectral weapon barely misses the steam dragon.
The steam dragon barely misses you. The steam dragon closely misses you.
You take 6 damage, and have 14/63 hp.
You hit the steam dragon.
You are engulfed in a cloud of scalding steam.
* * * LOW HITPOINT WARNING * * *
Your spectral weapon hits the steam dragon from afar.
The steam dragon breathes steam at you. The ball of steam hits you!
You die...

##.≈#.##.###.#####.#
#P.^#..............#
#≈..#.##.###.#######
#..P#....# #.#
#≈?.#....# #.#
#P.P#....# #.#
##≈.≈#..#.# #.#
#≈P.(.##..# #.#
#≈..@P.##.# #.#
#^P..D.≈≈#.#
#P≈....≈.#.#
##≈....PP#.#
#P≈..P≈##..
###≈P≈##... ##### ..


You could see a steam dragon and a friendly spectral spear.

Vanquished Creatures
  Sigmund (D:3)
  2 ogres
  3 elf zombies (Ossuary)
  A howler monkey (D:4)
  A crimson imp (D:5)
  4 centaur zombies (Ossuary)
  5 human zombies (Ossuary)
  2 giant frog skeletons
  3 hounds
  Crazy Yiuf (D:3)
  Jessica (D:2)
  An iguana (D:4)
  Terence (D:3)
  2 worker ants (D:5)
  3 mummies (Ossuary)
  4 adders
  4 gnolls (D:5)
  4 oozes
  2 worms (D:2)
  A dart slug (D:5)
  2 giant geckos (D:2)
  6 orcs (D:3)
  3 giant cockroaches
  6 goblins
  6 hobgoblins
  2 jackals (D:1)
  7 kobolds
  2 quokkas (D:2)
  2 ball pythons
  3 bats
  3 giant newts
  4 rats
  A fungus (D:1)
93 creatures vanquished.

Vanquished Creatures (others)
  A wyvern (D:3)
  2 fungi (D:3)
3 creatures vanquished.

Grand Total: 96 creatures vanquished

Notes
Turn   | Place    | Note
--------------------------------------------------------------
     0 | D:1      | tyvek the Merfolk Skald began the quest for the Orb.
     0 | D:1      | Reached XP level 1. HP: 16/16 MP: 3/3
   159 | D:1      | Reached XP level 2. HP: 23/23 MP: 5/5
   211 | D:1      | HP: 5/23 [rat (3)]
   629 | D:1      | Reached skill level 4 in Polearms
   961 | D:1      | Reached XP level 3. HP: 27/28 MP: 6/6
  1040 | D:1      | Reached skill level 2 in Dodging
  1568 | D:2      | Found a glowing silver altar of Zin.
  1634 | D:2      | Noticed Jessica
  1652 | D:2      | Killed Jessica
  1652 | D:2      | Reached XP level 4. HP: 30/34 MP: 2/7
  1909 | D:2      | Learned a level 2 spell: Song of Slaying
  1912 | D:2      | Learned a level 2 spell: Shroud of Golubria
  1941 | D:2      | Reached skill level 4 in Charms
  2075 | D:2      | Reached skill level 5 in Polearms
  2196 | D:3      | Noticed Sigmund
  2197 | D:3      | Found a sparkling altar of Nemelex Xobeh.
  2210 | D:3      | Killed Sigmund
  2210 | D:3      | Reached skill level 3 in Fighting
  2210 | D:3      | Reached skill level 6 in Polearms
  2210 | D:3      | Reached skill level 3 in Dodging
  2210 | D:3      | Reached XP level 5. HP: 37/41 MP: 0/8
  2210 | D:3      | Reached XP level 6. HP: 42/47 MP: 0/9
  2298 | D:3      | Learned a level 3 spell: Regeneration
  2716 | D:3      | Noticed Terence
  2738 | D:3      | Killed Terence
  3147 | D:3      | Found an oddly glowing altar of Pakellas.
  3147 | D:3      | Noticed an orange crystal statue
  3148 | D:3      | Noticed a wyvern
  3192 | D:3      | Killed a wyvern
  3236 | D:3      | Noticed Crazy Yiuf
  3246 | D:3      | Killed Crazy Yiuf
  3363 | D:2      | Found a burning altar of Makhleb.
  3394 | D:4      | Found a basalt altar of Yredelemnul.
  3482 | D:4      | Reached skill level 4 in Fighting
  3482 | D:4      | Reached skill level 4 in Dodging
  3495 | D:4      | Reached skill level 7 in Polearms
  3495 | D:4      | Reached XP level 7. HP: 51/54 MP: 0/10
  3643 | D:4      | Found a staircase to the Ecumenical Temple.
  3656 | Temple   | Entered the Ecumenical Temple
  3804 | D:4      | Found an opulent altar of Gozag.
  3962 | D:4      | Found a sand-covered staircase.
  3971 | Ossuary  | Entered an ossuary
  4080 | Ossuary  | Reached skill level 5 in Charms
  4154 | Ossuary  | Reached skill level 8 in Polearms
  4171 | Ossuary  | Reached skill level 5 in Dodging
  4181 | Ossuary  | HP: 10/55 [human zombie (5)]
  4446 | Ossuary  | Reached XP level 8. HP: 34/61 MP: 1/11
  4523 | Ossuary  | Reached skill level 9 in Polearms
  4746 | D:4      | Reached skill level 5 in Fighting
  4936 | D:4      | Learned a level 3 spell: Spectral Weapon
  5081 | D:5      | Entered Level 5 of the Dungeon
  5187 | D:5      | Noticed Bolverk's ghost (novice GrFi)
  5369 | D:5      | Found Jong's Gadget Shop.
  5454 | D:5      | Reached skill level 6 in Dodging
  5454 | D:5      | Reached skill level 6 in Charms
  5560 | D:5      | HP: 13/63 [steam dragon] (7)]
  5561 | D:5      | Killed from afar by a steam dragon

Skill      XL: |  1  2  3  4  5  6  7  8 |
---------------+-------------------------+-----
Polearms       | 4 6 7 8 9 |  9.7
Dodging        | 2 3 4 5 6 |  6.0
Charms         | 4 5 6 |  6.0
Fighting       | 3 4 5 |  5.4
Armour         | |  0.6
Spellcasting   | |  2.0

Action                   |  1- 3 |  4- 6 |  7- 9 || total
-------------------------+-------+-------+-------++-------
Melee: Spear             |   141 |   187 |   407 ||   735
 Cast: Infusion          |     1 |     9 |     9 ||    19
       Song of Slaying   |       |     1 |     4 ||     5
       Regeneration      |       |       |     1 ||     1
       Shroud of Golubri |       |       |     1 ||     1
       Spectral Weapon   |       |       |     1 ||     1
  Use: Scroll            |       |     9 |     2 ||    11
       Potion            |       |       |     1 ||     1
 Stab: Sleeping          |     1 |     2 |       ||     3
       Distracted        |       |     1 |       ||     1
  Eat: Chunk             |     2 |     7 |     1 ||    10
       Bread ration      |       |       |     1 ||     1
       Pizza             |       |       |     1 ||     1
Armor: Leather armour    |    18 |     2 |       ||    20
       Robe              |       |    29 |    81 ||   110
Dodge: Dodged            |    42 |    79 |   162 ||   283

Vault maps used:
D:1:      dpeg_arrival_chambers_temple_mockup, minmay_gold_behind_fungi
D:2:      zin_academy, nicolae_overflow_hidden_temple, kennysheep_jessica_study
D:3:      gammafunk_pakellas_statue_experiment, first_bread,
          nemelex_lonely_heart_becter, uniq_crazy_yiuf_cottage, uniq_terence,
          uniq_jessica, uniq_sigmund
D:4:      nicolae_gozag_cash_rules_everything_around_me, temple_fountains,
          enter_ossuary_1, yredelemnul_altar_generic
D:5:      kennysheep_steamy, gup_sewer_entry_bowl, serial_shops, shop
Temple:   circular_temple_12
Ossuary:  ossuary_minmay_four_chambers

Table legend:
 A = Turns spent in this place as a percentage of turns spent in the entire game.
 B = Non-inter-level travel turns spent in this place as a percentage of non-inter-level travel turns spent in the entire game.
 C = Inter-level travel turns spent in this place as a percentage of turns spent in this place.
 D = Turns resting spent in this place as a percentage of non-inter-level travel turns spent in this place.
 E = Turns spent auto-exploring this place as a percentage of non-inter-level travel turns spent in this place.
 F = Non-inter-level travel turns spent in this place divided by the number of levels of this place that you've seen.
                   A       B       C       D       E      F
               +-------+-------+-------+-------+-------+----------------------
         Total | 100.0 | 100.0 |   1.0 |   2.7 |  10.7 | 227.0
       Dungeon |  80.7 |  80.6 |   1.2 |   2.7 |  11.7 | 256.2
        Temple |   1.1 |   1.0 |   5.9 |   0.0 |  81.2 |  16.0
       Ossuary |  18.2 |  18.4 |   0.0 |   2.7 |   2.4 | 292.0
               +-------+-------+-------+-------+-------+----------------------

Table legend:
 A = Kills in this place as a percentage of kills in entire the game.
 B = Kills by you in this place as a percentage of kills by you in the entire game.
 C = Kills by friends in this place as a percentage of kills by friends in the entire game.
 D = Other kills in this place as a percentage of other kills in the entire game.
 E = Experience gained in this place as a percentage of experience gained in the entire game.
 F = Experience gained in this place divided by the number of levels of this place that you have seen.
                   A       B       C       D       E      F
               +-------+-------+-------+-------+-------+----------------------
         Total | 100.0 | 100.0 |  -nan |  -nan | 100.0 | 280.3
       Dungeon |  83.7 |  83.7 |  -nan |  -nan |  62.2 | 244.2
       Ossuary |  16.3 |  16.3 |  -nan |  -nan |  37.8 | 741.0
               +-------+-------+-------+-------+-------+----------------------
